 Dungeon Crawl Stone Soup version 0.26-a0-812-g31a745ddcd (webtiles) character file.

Game seed: 9331940345271237619

98 kae the Insei (level 4, -4/25 HPs)
             Began as a Tengu Transmuter on Nov 20, 2020.
             Slain by a gnoll (5 damage)
             ... on level 4 of the Dungeon.
             The game lasted 00:01:31 (2711 turns).

kae the Insei (Tengu Transmuter)                    Turns: 2711, Time: 00:01:31

Health: -4/25      AC:  5    Str: 11    XL:     4   Next: 71%
Magic:  9/9        EV: 11    Int: 12    God:
Gold:   129        SH:  0    Dex: 14    Spells: 4/8 levels left

rFire    . . .     SeeInvis .     - Unarmed
rCold    . . .     Faith    .   (no shield)
rNeg     . . .     Spirit   .   h - +0 ring mail
rPois    .         Reflect  .   (helmet restricted)
rElec    .         Harm     .   (no cloak)
rCorr    .         Rampage  .   (no gloves)
MR       .....                  (boots unavailable)
Stlth    +.........             (no amulet)
HPRegen  0.08/turn              (no ring)
MPRegen  0.11/turn              (no ring)

@: mighty, brilliant, attractive
A: beak, talons 3, dopey 1
a: no special abilities


You were on level 4 of the Dungeon.
You visited 1 branch of the dungeon, and saw 6 of its levels.

You collected 129 gold pieces.

Inventory:

Armour
 a - a +0 robe
 e - a +0 leather armour
 h - a +0 ring mail (worn)
Scrolls
 b - 3 scrolls of enchant weapon {unknown}
 c - 3 scrolls of identify {unknown}
 d - 3 scrolls of teleportation {unknown}
 f - 2 scrolls of remove curse {unknown}
 g - a scroll of magic mapping {unknown}
 i - a scroll of immolation {unknown}
 k - a scroll of random uselessness {unknown}
 o - a scroll of fog {unknown}
 r - a scroll of enchant armour {unknown}
Potions
 j - a potion of curing
 m - a potion of mutation
 q - a potion of might


   Skills:
 + Level 1.6 Fighting
 + Level 1.0 Armour
 + Level 2.7 Dodging
 * Level 3.9 Unarmed Combat
 * Level 2.7 Spellcasting
 * Level 2.3 Transmutations


You had 4 spell levels left.
You knew the following spells:

 Your Spells              Type           Power        Failure   Level
a - Beastly Appendage     Tmut           ##....       22%         1
b - Spider Form           Tmut/Pois      #.........   73%         3

Your spell library contained the following spells:

 Spells                   Type           Power        Failure   Level
 Wereblood                Tmut           ##......     34%         2
 Ice Form                 Ice/Tmut       #.......     98%         4
 Blade Hands              Tmut           ##........   99%         5


Dungeon Overview and Level Annotations

Branches:
Dungeon (6/15)
 Temple: D:4-7

Altars:
Dithmenos
Elyvilon
Uskayaw
Vehumet

Annotations:
D:2 2 transporters


Innate Abilities, Weirdness & Mutations

You have a beak for a mouth.
You have claws for feet.
You are dopey. (Int -2)


Message History

The worker ant misses you. The orc is pulled toward you!
The worker ant is pulled toward you!
The jackal is pulled toward you! x2; The orc hits you but does no damage.
The worker ant bites you but does no damage.
The jackal bites you but does no damage.
The orc is pulled toward you! The worker ant is pulled toward you! x2
The jackal is pulled toward you! The gnoll is pulled toward you!
The worker ant closely misses you. The orc hits you but does no damage.
The worker ant barely misses you.
Found an escape hatch in the floor.
The orc is pulled toward you! The jackal is pulled toward you!
The jackal barely misses you. The worker ant closely misses you.
The orc hits you but does no damage.
The jackal bites you but does no damage.
The worker ant bites you!
* * * LOW HITPOINT WARNING * * *
The orc is pulled toward you!
The giant cockroach is pulled toward you!
The gnoll is pulled toward you! The gnoll hits you.
You die...

#....### ##......###
###.
#.........###....
##.............>..
#.................
##....>............
..........h.........
.........BBhg...#
........hhBo@###.
..........####
.........##
........## ....#####
.##


You could see 2 worker ants, a gnoll, an orc, 4 jackals and a giant cockroach.

Vanquished Creatures
  A hound (D:6)
  An adder (D:6)
  A white imp (D:6)
  A dart slug (D:2)
  2 leopard geckos
  An orc (D:3)
  A ball python (D:1)
  A giant cockroach (D:1)
  7 goblins
  A hobgoblin (D:1)
  4 jackals (D:2)
  8 bats
  10 frilled lizards (D:1)
  4 kobolds
  A leopard gecko zombie (D:6)
  7 rats
51 creatures vanquished.

Vanquished Creatures (others)
  7 plants (D:1)
7 creatures vanquished.

Grand Total: 58 creatures vanquished

Notes
Turn   | Place    | Note
-------+----------+-------------------------------------------
     0 | D:1      | kae the Tengu Transmuter began the quest for the Orb.
     0 | D:1      | Reached XP level 1. HP: 12/12 MP: 4/4
    77 | D:1      | Reached XP level 2. HP: 8/16 MP: 4/6
   811 | D:1      | Reached XP level 3. HP: 17/20 MP: 7/7
  1472 | D:2      | Found a shadowy altar of Dithmenos.
  1503 | D:2      | Found a hide-covered altar of Uskayaw.
  1632 | D:2      | Found a radiant altar of Vehumet.
  1757 | D:2      | Found a white marble altar of Elyvilon.
  1757 | D:2      | Found a transporter.
  1757 | D:2      | Noticed a bullfrog
  1758 | D:2      | Noticed a sky beast
  1963 | D:2      | Found a transporter.
  2113 | D:3      | You fall into a shaft and drop 3 floors!
  2120 | D:6      | Reached XP level 4. HP: 19/25 MP: 6/8
  2209 | D:6      | Learned a level 3 spell: Spider Form
  2233 | D:6      | Reached skill level 1 in Armour
  2555 | D:6      | Noticed a sky beast
  2604 | D:5      | Entered Level 5 of the Dungeon
  2692 | D:5      | Noticed an ogre
  2703 | D:4      | Gained mutation: You are dopey. (Int -2) [potion of
                  | mutation]
  2710 | D:4      | HP: 1/25 [worker ant (7)]
  2711 | D:4      | Slain by a gnoll

Illustrated notes

Levels and vault maps discovered:
D:1:      dpeg_arrival_tiny_h, layout_loops_ring, minmay_lizard_king
D:2:      layout_basic, eat_drink_and_be_merry_uskayaw, vehumet_crystals,
          grunt_dithmenos_smoke, gammafunk_temple_overflow_arena
D:3:      layout_rooms, nicolae_overflow_crystal_walls,
          gammafunk_temple_overflow_statue, overflow_temple_1_default
D:4:      layout_cave_pods, temple_garden, uniq_edmund
D:5:      layout_rooms, lemuel_coloured_pillars_altar, lemuel_doored_altar,
          trog_wizard, uniq_menkaure
D:6:      layout_basic, cheibriados_altar_1, serial_shops, nicolae_shop_crystal

Skill      XL: |  1  2  3  4 |
---------------+-------------+-----
Transmutations | 2 |  2.3
Armour         | 1 |  1.0
Fighting       | |  1.6
Dodging        | |  2.7
Unarmed Combat | |  3.9
Spellcasting   | |  2.7

Action                   |  1- 3 |  4- 6 || total
-------------------------+-------+-------++-------
Melee: Unarmed           |   114 |    18 ||   132
       Headbutt          |     3 |     1 ||     4
       Kick              |    11 |     1 ||    12
       Peck              |    10 |     2 ||    12
 Cast: Beastly Appendage |    20 |     4 ||    24
  Use: Potion            |       |     6 ||     6
 Stab: Sleeping          |     1 |       ||     1
Armor: Robe              |    12 |       ||    12
       Leather armour    |     6 |       ||     6
       Ring mail         |    16 |    17 ||    33
Dodge: Dodged            |    80 |    35 ||   115

Table legend: (Time is in decaauts)
 A = Elapsed time spent in this place.
 B = Non-inter-level travel time spent in this place.
 C = Inter-level travel time spent in this place.
 D = Time resting spent in this place.
 E = Time spent auto-exploring this place.
 F = Levels seen in this place.
 G = Mean time per level.
                   A        B        C        D        E       F      G
               +--------+--------+--------+--------+--------+-----+--------+
         Total |   2699 |   2609 |     90 |     13 |   2170 |   6 |  449.8 |
       Dungeon |   2699 |   2609 |     90 |     13 |   2170 |   6 |  449.8 |
               +--------+--------+--------+--------+--------+-----+--------+

Top non-repeatable levels by time:
     D:1: 1466 daAuts
     D:2: 569 daAuts
     D:6: 489 daAuts
     D:5: 95 daAuts
     D:3: 68 daAuts
     D:4: 10 daAuts
